 Dungeon Crawl Stone Soup version 0.27-a0-1196-g3e9cee4cb2 (webtiles) character file.

Game seed: 15660502222203897346

157 spiderkeys the Skirmisher (level 5, 0/37 HPs)
             Began as an Octopode Abyssal Knight on May 30, 2021.
             Was a Believer of Lugonu.
             Killed by divine providence
             ... invoked by an orc priest
              (11 damage)
             ... on level 4 of the Dungeon.
             The game lasted 00:03:38 (3271 turns).

spiderkeys the Skirmisher (Octopode Abyssal Knight) Turns: 3271, Time: 00:03:39

Health: 0/37       AC:  1    Str: 13    XL:     5   Next: 38%
Magic:  7/7        EV: 13    Int: 20    God:    Lugonu [**....]
Gold:   138        SH:  0    Dex: 11    Spells: 4/4 levels left

rFire    . . .     SeeInvis .   a - +1 spear (venom)
rCold    . . .     Faith    .   (no shield)
rNeg     . . .     Spirit   .   (helmet restricted)
rPois    .         Reflect  .   (no amulet)
rElec    .         Harm     .   I - +6 ring of intelligence
rCorr    .         Rampage  .   (no ring)
Will     .....                  (no ring)
Stlth    ++........             (no ring)
HPRegen  0.12/turn              (no ring)
MPRegen  0.10/turn              (no ring)
                                (no ring)
                                (no ring)

@: no status effects
A: almost no armour, amphibious, 8 rings, camouflage 1, gelatinous body 1,
(nimble swimmer 1), tentacles
a: Renounce Religion, Depart the Abyss, Bend Space


You were on level 4 of the Dungeon.
You worshipped Lugonu.
Lugonu was pleased with you.
You visited 1 branch of the dungeon, and saw 4 of its levels.
You visited the Abyss 1 time.

You collected 182 gold pieces.
You spent 44 gold pieces at shops.


Innate Abilities, Weirdness & Mutations

You cannot wear most types of armour.
You are amphibious.
You can wear up to eight rings at the same time.
Your skin changes colour to match your surroundings (Stealth+).
Your rubbery body absorbs attacks. (AC +1, EV +1)
((You are camouflaged near water. (Stealth+)))
You have tentacles for arms and can constrict up to eight enemies at once.


   Skills:
 + Level 3.7 Fighting
 * Level 3.7 Polearms
 + Level 3.2 Dodging
 + Level 3.1 Invocations


You had 4 spell levels left.
You didn't know any spells.
Your spell library contained the following spells:

 Spells                   Type           Power      Damage    Failure   Level
 Lesser Beckoning         Tloc           0%         N/A       50%         3
 Spider Form              Tmut/Pois      0%         N/A       50%         3
 Teleport Other           Tloc           0%         N/A       50%         3
 Ice Form                 Ice/Tmut       0%         N/A       88%         4
 Manifold Assault         Tloc           0%         N/A       99%         5

Inventory:

Hand Weapons
 a - a +1 spear of venom (weapon)
Missiles
 d - 22 bolts
 e - 10 poisoned darts
 f - 92 stones
 h - 46 arrows
 j - 25 sling bullets
 m - a throwing net {=f!f}
Jewellery
 F - a ring of fire
   (You found it on level 1 of the Dungeon)
 I - a +6 ring of intelligence (left tentacle)
   (You found it on level 3 of the Dungeon)
Scrolls
 i - 2 scrolls of teleportation {@r4}
 k - 2 scrolls of identify {@r1}
 l - a scroll of brand weapon
Potions
 b - 2 potions of flight
 c - a potion of curing {unknown}
 g - a potion of haste {unknown}

Dungeon Overview and Level Annotations

Branches:
Dungeon (4/15)
 Temple: D:4-7

Altars:

Shops:
D:2 *

Annotations:
D:4 Dowan

##########
#........#
#########.######.#
..........# #.#
......##### #>#
♣####.#
#@##########.# #
##.##
#.o.g.o$.....#
♣#♣#.#.#
#....o.)).(...e
......##
#.#############
♣#♣..## #.# # ##.#
#.# # #.# #.# #
#.# #.# # ..# ..#


You could see an orc priest, 2 orcs and a goblin.


Message History

You take 4 damage, and now have 25/31 hp.
A jelly is nearby!
You hit the jelly but do no damage.
Your tentacles burn!
The jelly completely misses you. 😕 HP[-1]
You take 1 damage, and now have 24/31 hp.
You hit the jelly.
You kill the jelly!
Lugonu accepts your kill.
Your Invocations skill increases to level 3!
You have reached level 5!
You feel stronger. 😕 HP[+4] MP[+1]
You now have 36 max hp (+5).
You regained 4 hp, and now have 28/36 hp.
Your mp is fully restored (7).
Key pressed, stopping explore.
A ball python comes into view.
The ball python hisses angrily. 😎 HP[+8]
Your hp is fully restored (36).
A ball python is nearby!
You hit the ball python.
You kill the ball python!
Lugonu accepts your kill.
No target in view!
No target in view!
You see here a ball python corpse.
m - a throwing net {=f!f}
Found an escape hatch in the floor.
i - 2 scrolls of teleportation {@r4} (gained 1)
Found a stone staircase leading down.
There is a stone staircase leading down here.
An orc priest comes into view. It is wielding a +0 trident.
The orc priest shouts!
You hear a shout! x3
An orc comes into view. It is wielding a +0 short sword.
An orc comes into view. It is wielding a +0 club.
The orc priest calls down the wrath of Beogh upon you.
Beogh smites you! 😮 HP[-9]
You take 9 damage, and now have 27/36 hp.
MASSIVE DAMAGE!! (PAUSE)
You are too injured to fight recklessly!
An orc priest comes into view. It is wielding a +0 flail.
The orc priest looks encouraged for a moment.
You see here 7 gold pieces.
You closely miss the orc. Your grab misses the orc.
The orc hits you with a +0 short sword.
The orc priest hits you from afar with a +0 trident. 😮 HP[-3]
You take 3 damage, and now have 24/36 hp.
You hit the orc but do no damage. Your grab misses the orc.
The orc hits you with a +0 short sword. The orc priest barely misses you.
The orc hits you with a +0 club. 😮 HP[-3]
You take 3 damage, and now have 21/36 hp.
You closely miss the orc. Your grab misses the orc.
The orc hits you with a +0 short sword.
* * * LOW HITPOINT WARNING * * *
The orc priest closely misses you. The orc hits you with a +0 club.
* * * LOW HITPOINT WARNING * * *
😨 HP[-6]
You take 6 damage, and now have 15/36 hp.
You barely miss the orc. Your grab misses the orc. You squeeze the orc.
The orc misses you.
The orc priest miscasts a cantrip.
You hit the orc. Your grab misses the orc. Your squeeze misses the orc.
The orc priest looks encouraged for a moment.
A goblin comes into view. It is wielding a +0 dagger.
The goblin shouts!
You hit the orc priest.
The orc priest is poisoned.
You grab the orc priest. You constrict the orc priest.
You hear a shout!
The orc priest barely misses you. The orc priest closely misses you.
You hit the orc priest but do no damage.
The orc priest looks as sick as possible!
You squeeze the orc priest. You constrict the orc priest.
You kill the orc priest!
Lugonu accepts your kill. The orc hits you with a +0 club.
* * * LOW HITPOINT WARNING * * *
The orc closely misses you.
The orc priest hits you from afar with a +0 trident.
* * * LOW HITPOINT WARNING * * *
😨 HP[-5]
You now have 37 max hp (+1).
You take 5 damage, and now have 10/37 hp.
You barely miss the orc. Your grab misses the orc. The orc barely misses you.
An orc comes into view. It is wielding a +0 trident.
The orc barely misses you. 😨 HP[+1]
You barely miss the orc. You grab the orc. You squeeze the orc.
You kill the orc!
Lugonu accepts your kill.
Dowan, Brother of Duvessa comes into view.
He is wielding a +0 dagger and wearing a +1 robe of positive energy.
The orc priest barely misses you. The orc closely misses you.
The orc priest looks braver for a moment.
The orc priest invokes the aid of Beogh against you.
Beogh smites you!
You die...

Skill      XL: |  1  2  3  4 |
---------------+-------------+-----
Polearms       | 3 |  3.7
Dodging        | 3 |  3.2
Invocations    | 3 |  3.1
Fighting       | |  3.7

Action                   |  1- 3 |  4- 6 || total
-------------------------+-------+-------++-------
Melee: Spear             |    74 |    49 ||   123
       Constrict         |     8 |     9 ||    17
       Tentacles         |     7 |     7 ||    14
Invok: Depart the Abyss  |     1 |       ||     1
  Use: Scroll            |     6 |       ||     6
 Stab: Sleeping          |     6 |     5 ||    11
Armor: Skin              |     7 |     1 ||     8
Dodge: Dodged            |    25 |    25 ||    50

Levels and vault maps discovered:
D:1:      dpeg_arrival_castle, layout_loops_ring, serial_rivers,
          chequers_serial_rivers_small_a, chequers_serial_rivers_micro_d,
          chequers_serial_rivers_room_a, chequers_serial_rivers_small_3,
          chequers_serial_rivers_small_b, chequers_serial_rivers_small_3,
          shapermc_ecumenical_altar_mp_vishouse, corexii_item_surrounded_by_moat
D:2:      layout_loops_ring, serial_shops, shop
D:3:      layout_basic, kennysheep_cluttered_room, kennysheep_generic_room_11
D:4:      layout_loops_ring, serial_forest, infiniplex_forest_clump_large,
          infiniplex_forest_clump_diagonal, infiniplex_forest_clump_diagonal,
          infiniplex_forest_lined_3_way, infiniplex_forest_clump_double,
          uniq_duvessa, uniq_blork_the_orc, uniq_sigmund

Notes
Turn   | Place    | Note
-------+----------+-------------------------------------------
     0 | Abyss:1  | spiderkeys the Octopode Abyssal Knight began the quest for
                  | the Orb.
     0 | Abyss:1  | Reached XP level 1. HP: 16/16 MP: 2/2
     0 | Abyss:1  | magus.rc [v1.9.10]
   175 | Abyss:1  | Noticed a shining eye
   192 | Abyss:1  | Noticed a flying skull
   194 | Abyss:1  | Noticed a flying skull
   194 | Abyss:1  | Noticed a flying skull
   200 | D:1      | You pass through the gate.
   200 | D:1      | Escaped the Abyss
   313 | D:1      | Identified the Guide on Shifting Translocation
   314 | D:1      | You add the spells Lesser Beckoning, Teleport Other, Spider
                  | Form, Ice Form and Manifold Assault to your library.
   491 | D:1      | Reached XP level 2. HP: 21/21 MP: 3/3
   699 | D:1      | Found a faded altar of an unknown god.
   823 | D:1      | Reached * piety under Lugonu
   855 | D:1      | Reached XP level 3. HP: 23/26 MP: 4/4
  1460 | D:2      | Found Detomois's Assorted Antiques.
  1467 | D:2      | Bought a scroll labelled VITERE SEJEWK for 22 gold pieces
  1467 | D:2      | Bought a scroll labelled VUNIRH KIKECH for 22 gold pieces
  1549 | D:2      | Reached skill level 3 in Polearms
  1549 | D:2      | Reached XP level 4. HP: 27/31 MP: 5/5
  2016 | D:2      | Reached ** piety under Lugonu
  2286 | D:3      | Reached skill level 3 in Dodging
  3109 | D:4      | Reached skill level 3 in Invocations
  3109 | D:4      | Reached XP level 5. HP: 28/36 MP: 7/7
  3265 | D:4      | Noticed Dowan
  3271 | D:4      | Killed from afar by an orc priest

Vanquished Creatures
  A jelly (D:4)
  An orc priest (D:4)
  4 adders
  4 dart slugs
  An orc (D:4)
  5 ball pythons
  4 endoplasms
  4 giant cockroaches
  6 goblins
  3 hobgoblins
  3 jackals (D:1)
  2 quokkas (D:1)
  6 bats
  2 frilled lizards
  6 kobolds
  2 rats (D:1)
54 creatures vanquished.

Vanquished Creatures (others)
  A plant (D:4)
1 creature vanquished.

Grand Total: 55 creatures vanquished

Table legend:
 A = Non-vault XP
 B = Vault XP
 C = Vault XP percentage of total XP
 D = Non-vault monster count
 E = Vault monster count
 F = Vault count percentage of total count
                 A         B        C        D         E       F
            +---------+---------+-------+---------+---------+-------
      Total |     223 |       2 |   0.9 |      53 |       1 |   1.9
            +---------+---------+-------+---------+---------+-------
        D:1 |      49 |       0 |   0.0 |      27 |       0 |   0.0
        D:2 |      56 |       0 |   0.0 |      14 |       0 |   0.0
        D:3 |      28 |       2 |   6.7 |       7 |       1 |  12.5
        D:4 |      90 |       0 |   0.0 |       5 |       0 |   0.0
            +---------+---------+-------+---------+---------+-------

Illustrated notes

Table legend:
 A = Kills in this place as a percentage of kills in entire the game.
 B = Kills by you in this place as a percentage of kills by you in the entire game.
 C = Kills by friends in this place as a percentage of kills by friends in the entire game.
 D = Other kills in this place as a percentage of other kills in the entire game.
 E = Experience gained in this place as a percentage of experience gained in the entire game.
 F = Experience gained in this place divided by the number of levels of this place that you have seen.
                   A       B       C       D       E      F
               +-------+-------+-------+-------+-------+----------------------
         Total | 100.0 | 100.0 |   N/A |   N/A | 100.0 |  45.0
       Dungeon | 100.0 | 100.0 |   N/A |   N/A | 100.0 |  56.2
               +-------+-------+-------+-------+-------+----------------------

Table legend: (Time is in decaauts)
 A = Elapsed time spent in this place.
 B = Non-inter-level travel time spent in this place.
 C = Inter-level travel time spent in this place.
 D = Time resting spent in this place.
 E = Time spent auto-exploring this place.
 F = Levels seen in this place.
 G = Mean time per level.
                   A        B        C        D        E       F      G
               +--------+--------+--------+--------+--------+-----+--------+
         Total |   3264 |   3224 |     40 |      0 |   2897 |   5 |  652.8 |
       Dungeon |   3064 |   3024 |     40 |      0 |   2725 |   4 |  766.0 |
         Abyss |    200 |    200 |      0 |      0 |    172 |   1 |  200.0 |
               +--------+--------+--------+--------+--------+-----+--------+

Top non-repeatable levels by time:
     D:1: 1098 daAuts
     D:3: 1047 daAuts
     D:2: 732 daAuts
 Abyss:1: 200 daAuts
     D:4: 186 daAuts
